[Event "22nd Ruzomberok Open 2019"]
[Site "Ruzomberok"]
[Date "2019.07.07"]
[Round "9.24"]
[White "Bartanus, Stanislav"]
[Black "Cernekova, Martina"]
[Result "1/2-1/2"]
[ECO "A22"]
[WhiteElo "1781"]
[BlackElo "1659"]
[Annotator "NA"]
[PlyCount "125"]
[EventDate "2019.06.29"]
[EventType "swiss"]
[EventCountry "SVK"]
[SourceTitle "playchess.com"]
[Source "ChessBase"]
[SourceQuality "1"]
[TimeControl "40/5400+30:1800+30"]

1. c4 e5 2. Nc3 Nf6 3. g3 Bb4 4. Bg2 O-O 5. d3 c6 6. Bd2 d6 7. Nf3 Bg4 8. O-O Nbd7 9. a3 Ba5 10. b4 Bb6 11. Rc1 a5 12. b5 d5 13. cxd5 cxd5 14. h3 Bh5 15. Bg5 Bxf3 16. Bxf3 h6 17. Bd2 Nc5 18. Na4 e4 19. Nxb6 Qxb6 20. Be3 Nfd7 21. dxe4 dxe4 22. Bxe4 Qxb5 23. Rb1 Qa6 24. Bf3 Rad8 25. Qc2 b6 26. Bc6 Rc8 27. Bb5 Qa7 28. Qb2 a4 29. Rfd1 Rfd8 30. Bxd7 Rxd7 31. Rxd7 Nxd7 32. Bxb6 Qxb6 33. Qxb6 Nxb6 34. Rxb6 Rc3 35. Ra6 Rxa3 36. Kg2 Kf8 37. Ra7 g6 38. h4 Kg7 39. Ra6 Ra1 40. Kf3 a3 41. Kg2 a2 42. Kf3 Kf8 43. Ra7 Ke8 44. Kg2 Kd8 45. Kf3 Kc8 46. Ra3 Kb7 47. Ra4 Kb6 48. Ra8 Kb5 49. Rb8+ Kc4 50. Rc8+ Kb3 51. Rb8+ Kc2 52. Rc8+ Kd1 53. Ra8 f5 54. e3 Ke1 55. Ra6 g5 56. hxg5 hxg5 57. Kg2 Ke2 58. Ra5 g4 59. Ra7 Kd3 60. Rd7+ Kc4 61. Ra7 Kb5 62. Ra8 Kb6 63. Ra3 1/2-1/2

[Event "22nd Ruzomberok Open 2019"]
[Site "Ruzomberok"]
[Date "2019.07.07"]
[Round "9.25"]
[White "Kapicakova, Lucia"]
[Black "Zilkay, Dominik"]
[Result "0-1"]
[ECO "A08"]
[WhiteElo "1671"]
[BlackElo "1328"]
[Annotator "NA"]
[PlyCount "138"]
[EventDate "2019.06.29"]
[EventType "swiss"]
[EventCountry "SVK"]
[SourceTitle "playchess.com"]
[Source "ChessBase"]
[SourceQuality "1"]
[TimeControl "40/5400+30:1800+30"]

1. Nf3 d5 2. g3 c5 3. Bg2 Nc6 4. d3 e5 5. O-O f6 6. c3 Be6 7. a3 Qd7 8. Nbd2 Nge7 9. e4 d4 10. c4 h5 11. Qa4 Nc8 12. Nh4 g5 13. Ng6 Rg8 14. Nxf8 Rxf8 15. Nf3 Bh3 16. Bd2 Bxg2 17. Kxg2 h4 18. Rh1 Qg4 19. h3 Qh5 20. g4 Qh7 21. Ne1 Qd7 22. Nc2 Nd8 23. Qxd7+ Kxd7 24. b4 b6 25. Rhb1 Ne6 26. Rb2 Ne7 27. b5 a6 28. a4 Ng6 29. Ne1 Ngf4+ 30. Bxf4 Nxf4+ 31. Kh2 axb5 32. Rxb5 Ra6 33. Rab1 Kc7 34. R5b3 Rb8 35. Ra1 Ne2 36. Rba3 Rba8 37. Nc2 Nc3 38. Rb3 Rxa4 39. Na3 Kc6 40. Kg2 Rb4 41. Nc2 Rxa1 42. Nxa1 Rxb3 43. Nxb3 b5 44. Nd2 b4 45. Kf1 Na4 46. Nb3 Nb6 47. Na5+ Kc7 48. Ke2 Nd7 49. Kf3 Nf8 50. Nb3 Ne6 51. Nd2 Kb6 52. Nb3 Ka6 53. Ke2 Nf4+ 54. Kf3 Nxd3 55. Ke2 Nf4+ 56. Kf3 Ne6 57. Ke2 Kb7 58. Na5+ Kb6 59. Nb3 Nf4+ 60. Kf3 Nxh3 61. Kg2 Nf4+ 62. Kf3 Nd3 63. Nd2 Ka5 64. Ke2 Nf4+ 65. Kf3 Ka4 66. Nb3 Ne6 67. Nd2 b3 68. Ke2 Ka3 69. Kd1 h3 0-1

[Event "22nd Ruzomberok Open 2019"]
[Site "Ruzomberok"]
[Date "2019.07.07"]
[Round "9.26"]
[White "Mikulec, Martin"]
[Black "Majerova, Veronika"]
[Result "1-0"]
[ECO "B00"]
[WhiteElo "1870"]
[BlackElo "1531"]
[Annotator "NA"]
[PlyCount "57"]
[EventDate "2019.06.29"]
[EventType "swiss"]
[EventCountry "SVK"]
[SourceTitle "playchess.com"]
[Source "ChessBase"]
[SourceQuality "1"]
[TimeControl "40/5400+30:1800+30"]

1. e4 d6 2. d4 g6 3. Nf3 Bg7 4. Bc4 Nf6 5. Nc3 O-O 6. O-O e5 7. dxe5 dxe5 8. Qxd8 Rxd8 9. Bg5 Re8 10. Bxf6 Bxf6 11. Nd5 Bd8 12. Ne3 c6 13. Rad1 Nd7 14. Ng4 Kg7 15. Ngxe5 Nxe5 16. Nxe5 Rxe5 17. Rxd8 Rxe4 18. Bb3 a5 19. a4 Re7 20. Rfd1 b5 21. f3 Bb7 22. R1d7 Rxd8 23. Rxe7 Ba6 24. Rxf7+ Kh6 25. Ra7 Bc8 26. Rxa5 Bd7 27. axb5 cxb5 28. Ra7 Bc8 29. Rc7 1-0

[Event "22nd Ruzomberok Open 2019"]
[Site "Ruzomberok"]
[Date "2019.07.07"]
[Round "9.27"]
[White "Taragel, Marian"]
[Black "Profant, Jan"]
[Result "0-1"]
[ECO "B35"]
[WhiteElo "1636"]
[BlackElo "1879"]
[Annotator "NA"]
[PlyCount "136"]
[EventDate "2019.06.29"]
[EventType "swiss"]
[EventCountry "SVK"]
[SourceTitle "playchess.com"]
[Source "ChessBase"]
[SourceQuality "1"]
[TimeControl "40/5400+30:1800+30"]

1. e4 c5 2. Nf3 g6 3. d4 cxd4 4. Nxd4 Nc6 5. Nc3 Bg7 6. Be3 Nf6 7. Bc4 O-O 8. Bb3 Qa5 9. f3 d5 10. exd5 Nb4 11. O-O Nbxd5 12. Nxd5 Nxd5 13. Bf2 e5 14. Ne2 Be6 15. Bxd5 Bxd5 16. Nc3 Bc4 17. Re1 Rfd8 18. Qc1 Rd7 19. Qe3 Qb4 20. Qc5 Qxc5 21. Bxc5 b6 22. Bf2 Rd2 23. Rac1 f5 24. Be3 Rd7 25. Rcd1 Rad8 26. a3 Kf7 27. Bg5 Rxd1 28. Rxd1 Rxd1+ 29. Nxd1 f4 30. b3 Ba6 31. Bh4 Bf8 32. a4 Ke6 33. Nc3 Bb7 34. Bf2 Bb4 35. Na2 Bc5 36. Bxc5 bxc5 37. Kf2 e4 38. fxe4 Bxe4 39. c3 Bc2 40. Nc1 Ke5 41. Kf3 Bd1+ 42. Kf2 Ke4 43. a5 g5 44. b4 cxb4 45. cxb4 Ba4 46. Ne2 Kd3 47. g3 fxg3+ 48. Nxg3 Kc4 49. Ne4 h6 50. Nd6+ Kxb4 51. a6 Ka5 52. Nc8 Kxa6 53. Nxa7 Kxa7 54. Kg3 Bd1 55. h4 g4 56. Kf4 Kb6 57. Ke3 Kc5 58. Kd2 g3 59. Ke1 Kd4 60. Kf1 Ke3 61. Kg2 Kf4 62. Kg1 Kg4 63. h5 Kxh5 64. Kh1 Kg4 65. Kg2 Bf3+ 66. Kg1 h5 67. Kf1 h4 68. Kg1 h3 0-1

[Event "22nd Ruzomberok Open 2019"]
[Site "Ruzomberok"]
[Date "2019.07.07"]
[Round "9.28"]
[White "Horbal, Jozef"]
[Black "Petrasko, Jozef"]
[Result "1-0"]
[ECO "D70"]
[WhiteElo "1712"]
[BlackElo "1455"]
[Annotator "NA"]
[PlyCount "99"]
[EventDate "2019.06.29"]
[EventType "swiss"]
[EventCountry "SVK"]
[SourceTitle "playchess.com"]
[Source "ChessBase"]
[SourceQuality "1"]
[TimeControl "40/5400+30:1800+30"]

1. d4 Nf6 2. c4 g6 3. Nf3 Bg7 4. Nc3 d6 5. e4 Nbd7 6. Be2 O-O 7. O-O e5 8. d5 Nc5 9. Qc2 Ne8 10. Be3 Na6 11. a3 f5 12. Bg5 Nf6 13. exf5 Bxf5 14. Bd3 h6 15. Bxf5 gxf5 16. Bh4 Qd7 17. Nd2 Rae8 18. f3 c6 19. dxc6 bxc6 20. Rad1 d5 21. Bxf6 Bxf6 22. cxd5 cxd5 23. Qd3 Nc5 24. Qxd5+ Qxd5 25. Nxd5 Bg5 26. Nc4 e4 27. fxe4 Nxe4 28. g3 Nf6 29. Rxf5 Nxd5 30. Rxf8+ Kxf8 31. Rxd5 Rb8 32. Kf2 Bf6 33. b4 Rc8 34. Rf5 Ke7 35. Rf4 Bg5 36. Re4+ Kf6 37. Ke2 Rc6 38. h4 Bc1 39. Kd1 Bxa3 40. Nxa3 Rc3 41. Nb5 Rxg3 42. Nxa7 Kf5 43. Rc4 h5 44. Kc2 Rg4 45. Rxg4 hxg4 46. Kd2 g3 47. Ke2 Kg4 48. Kf1 Kxh4 49. Kg2 Kg5 50. b5 1-0

[Event "22nd Ruzomberok Open 2019"]
[Site "Ruzomberok"]
[Date "2019.07.07"]
[Round "9.29"]
[White "Gasper, Jaroslav"]
[Black "Verba, Vladimir"]
[Result "0-1"]
[ECO "C31"]
[WhiteElo "1772"]
[BlackElo "1709"]
[Annotator "NA"]
[PlyCount "44"]
[EventDate "2019.06.29"]
[EventType "swiss"]
[EventCountry "SVK"]
[SourceTitle "playchess.com"]
[Source "ChessBase"]
[SourceQuality "1"]
[TimeControl "40/5400+30:1800+30"]

1. e4 e5 2. f4 d5 3. exd5 c6 4. dxc6 Nxc6 5. d3 Bc5 6. Nf3 Bg4 7. Be2 f6 8. Nxe5 fxe5 9. Bxg4 Nh6 10. Bf3 O-O 11. fxe5 Qd4 12. Qe2 Rae8 13. c3 Qh4+ 14. g3 Qh3 15. d4 Bxd4 16. cxd4 Rxf3 17. Qxf3 Kh8 18. Be3 Nf5 19. Rf1 g6 20. g4 Qh4+ 21. Bf2 Nxe5 22. Bxh4 Nxf3+ 0-1

[Event "22nd Ruzomberok Open 2019"]
[Site "Ruzomberok"]
[Date "2019.07.07"]
[Round "9.31"]
[White "Horbal, Michal"]
[Black "Malinovsky, Jozef"]
[Result "0-1"]
[ECO "B20"]
[WhiteElo "1111"]
[BlackElo "1734"]
[Annotator "NA"]
[PlyCount "58"]
[EventDate "2019.06.29"]
[EventType "swiss"]
[EventCountry "SVK"]
[SourceTitle "playchess.com"]
[Source "ChessBase"]
[SourceQuality "1"]
[TimeControl "40/5400+30:1800+30"]

1. e4 c5 2. Bc4 e6 3. Nf3 Nc6 4. e5 Nge7 5. O-O Ng6 6. Re1 Qc7 7. d4 cxd4 8. Nxd4 Nxd4 9. Qxd4 Bc5 10. Qe4 Qc6 11. Qxc6 bxc6 12. Nc3 Bd4 13. Bd3 Nxe5 14. Ne2 Nxd3 15. cxd3 Bf6 16. a4 Rb8 17. Ra2 Ba6 18. Rd1 O-O 19. Nc3 d5 20. d4 Bc4 21. Ra1 Bb3 22. Rd3 Bc4 23. Rd1 Rb3 24. a5 Rb4 25. Ra4 Rxa4 26. Nxa4 Bb3 27. Rd3 Bxa4 28. b3 Bb5 29. Ba3 Bxd3 0-1

[Event "22nd Ruzomberok Open 2019"]
[Site "Ruzomberok"]
[Date "2019.07.07"]
[Round "9.32"]
[White "Staffen, Robert"]
[Black "Hajtmansky, Milan"]
[Result "1-0"]
[ECO "C41"]
[WhiteElo "1643"]
[BlackElo "1521"]
[Annotator "NA"]
[PlyCount "45"]
[EventDate "2019.06.29"]
[EventType "swiss"]
[EventCountry "SVK"]
[SourceTitle "playchess.com"]
[Source "ChessBase"]
[SourceQuality "1"]
[TimeControl "40/5400+30:1800+30"]

1. e4 e5 2. Nf3 d6 3. d4 exd4 4. Nxd4 Be7 5. Nc3 Nf6 6. Bc4 O-O 7. h3 c5 8. Nf3 a6 9. a4 Nc6 10. Be3 Rb8 11. O-O Bd7 12. Qe2 Be8 13. Rfd1 Qc7 14. Rd2 Rd8 15. Rad1 Qb8 16. Bf4 Kh8 17. e5 Nh5 18. Bh2 Qc8 19. Nd5 dxe5 20. Nxe5 Nxe5 21. Qxe5 Nf6 22. Qe1 Nh5 23. Qe2 1-0

[Event "22nd Ruzomberok Open 2019"]
[Site "Ruzomberok"]
[Date "2019.07.07"]
[Round "9.33"]
[White "Cebo, Vladimir"]
[Black "Demko, Ladislav"]
[Result "0-1"]
[ECO "A22"]
[WhiteElo "1577"]
[BlackElo "1666"]
[Annotator "NA"]
[PlyCount "118"]
[EventDate "2019.06.29"]
[EventType "swiss"]
[EventCountry "SVK"]
[SourceTitle "playchess.com"]
[Source "ChessBase"]
[SourceQuality "1"]
[TimeControl "40/5400+30:1800+30"]

1. c4 e5 2. Nc3 Nf6 3. e4 b6 4. Nf3 d6 5. h3 Bb7 6. d3 Be7 7. Be2 O-O 8. O-O Nbd7 9. Be3 a5 10. Qc2 c6 11. d4 exd4 12. Nxd4 Re8 13. Rad1 g6 14. Nf3 Bf8 15. Bg5 Kg7 16. Qc1 Qc7 17. Bd3 Ne5 18. Nxe5 dxe5 19. f4 exf4 20. Bxf4 Qe7 21. e5 Ng8 22. Ne4 Red8 23. Bg5 Qxe5 24. Bxd8 Rxd8 25. Qc3 Qxc3 26. Nxc3 Bc5+ 27. Kh1 Nf6 28. Rf3 Rd7 29. Bc2 Re7 30. Na4 Bc8 31. Nxc5 bxc5 32. Rd6 Ne8 33. Rd8 Be6 34. b3 Nf6 35. Re3 Ra7 36. a4 h5 37. Bd1 Ng8 38. Bf3 Ne7 39. Rd6 Nf5 40. Rdxe6 fxe6 41. Rxe6 Nd4 42. Re3 Rc7 43. Bd1 Kf6 44. Kg1 h4 45. g4 hxg3 46. Rxg3 g5 47. Kf2 Rb7 48. Ke1 Re7+ 49. Kd2 Kf5 50. Re3 Rh7 51. Bc2+ Nxc2 52. Kxc2 Kf4 53. Rd3 Ke4 54. Rg3 Kf4 55. Rd3 Rh6 56. Kd2 Re6 57. Kd1 Re3 58. Kd2 Rxd3+ 59. Kxd3 Kg3 0-1